 Dungeon Crawl Stone Soup version 0.18-b1-23-gf76aad1 (webtiles) character file.

30 Gingerlord the Skirmisher (level 3, 0/30 HPs)
             Began as a Formicid Abyssal Knight on May 5, 2016.
             Was a Believer of Lugonu.
             Slain by a gnoll
             ... wielding a +0 spear
              (6 damage)
             ... on level 1 of the Dungeon.
             The game lasted 00:01:24 (742 turns).

Gingerlord the Skirmisher (Formicid Abyssal Knight)  Turns: 742, Time: 00:01:24

Health: 0/30       AC:  3    Str: 16    XL:     3   Next: 35%
Magic:  4/4        EV:  6    Int: 11    God:    Lugonu [**....]
Gold:   28         SH:  0    Dex: 11    Spells: 0 memorised, 2 levels left

rFire  . . .     SeeInvis +     a - +1 spear
rCold  . . .     Gourm    .     b - +0 leather armour
rNeg   . . .     Faith    .     (no shield)
rPois  .         Spirit   .     (helmet unavailable)
rElec  .         Dismiss  .     (no cloak)
rCorr  .         Reflect  .     (no gloves)
SustAt .         Harm     .     (no boots)
MR     .....                    (no amulet)
Stlth  +.........               (no ring)
                                (no ring)

@: not resistant to hostile enchantments, very unstealthy
A: permanent stasis, dig shafts and tunnels, four strong arms, antennae 3
a: Dig, Shaft Self, Depart the Abyss, Bend Space, Renounce Religion


You were on level 1 of the Dungeon.
You worshipped Lugonu.
Lugonu was pleased with you.
You were not hungry.

You visited 1 branch of the dungeon, and saw 1 of its levels.
You visited the Abyss 1 time.

You collected 28 gold pieces.

Inventory:

Hand Weapons
 a - a +1 spear (weapon)
Armour
 b - a +0 leather armour (worn)
Scrolls
 d - a scroll of enchant armour {unknown}
 e - a scroll of recharging {unknown}
 g - 2 scrolls of identify
 h - a scroll of fear {unknown}
 j - a scroll of enchant weapon {unknown}
Potions
 f - a potion of might
Comestibles
 c - 2 bread rations
 i - a meat ration


   Skills:
 + Level 3.9 Fighting
 + Level 2.0 Polearms
 + Level 2.2 Armour
 + Level 1.6 Dodging
 + Level 2.6 Invocations


You had 2 spell levels left.
You didn't know any spells.

Dungeon Overview and Level Annotations

Branches:
Dungeon (1/15)

Altars:


Innate Abilities, Weirdness & Mutations

You are under a permanent stasis effect.
You can dig through walls and to a lower floor.
Your four strong arms can wield two-handed weapons with a shield.
You have a pair of large antennae on your head (SInv).


Message History

You reach to attack!
You closely miss the gnoll.
The gnoll is moderately wounded.
The gnoll hits you from afar with a spear!
Unknown command.
Attack whom?
Press: ? - help, Dir - move target cursor, f/p - gnoll
Aim: a gnoll, wielding a spear (moderately wounded)
You reach to attack!
You barely miss the gnoll.
The gnoll is moderately wounded.
The gnoll hits you from afar with a spear.
* * * LOW HITPOINT WARNING * * *
You are too injured to fight recklessly!
You are too injured to fight recklessly!
Unknown command.
The gnoll misses you.
Found 9 gold pieces.
There is a stone staircase leading down here.
Unknown command.
The gnoll hits you from afar with a spear.
You die...

.........)..............#
....#####...............#
...## #...............#
.#.# #...............#
...# ##.......).######
...# ####............#
.#.###...............###
...≈.#.##..≈...........#
..≈♣≈..##.≈♣≈...@.g.##.#
.≈♣⌠♣≈≈≈≈≈♣⌠♣≈......##.#
.÷≈♣.......♣≈.....#..#.#
...≈...<...≈.....###....
..≈........♣≈.#.## ###..
÷≈.⌠.≈≈≈≈≈♣⌠♣≈#. #..
..≈.≈..).#≈♣≈##$ ###
...≈.......≈....
.........######


You could see a gnoll.

Vanquished Creatures
  An ooze (D:1)
  A dart slug (D:1)
  3 giant cockroaches (D:1)
  A goblin (D:1)
  3 hobgoblins (D:1)
  6 kobolds (D:1)
  A ball python (D:1)
  3 bats (D:1)
  4 rats (D:1)
  A toadstool (D:1)
24 creatures vanquished.

Vanquished Creatures (others)
  3 toadstools (D:1)
3 creatures vanquished.

Grand Total: 27 creatures vanquished

Notes
Turn   | Place    | Note
--------------------------------------------------------------
     0 | Abyss:1  | Gingerlord the Formicid Abyssal Knight began the quest for the Orb.
     0 | Abyss:1  | Reached XP level 1. HP: 18/18 MP: 2/2
    10 | D:1      | Escaped the Abyss
    17 | D:1      | Reached skill level 1 in Dodging
    37 | D:1      | Reached XP level 2. HP: 25/25 MP: 3/3
   424 | D:1      | Reached ** piety under Lugonu
   425 | D:1      | Reached XP level 3. HP: 23/30 MP: 4/4
   742 | D:1      | Slain by a gnoll

Skill      XL: |  1 |
---------------+----+-----
Dodging        | 1 |  1.6
Fighting       | |  3.9
Polearms       | |  2.0
Armour         | |  2.2
Invocations    | |  2.6

Action                   || total
-------------------------++-------
Melee: Spear             ||   101
  Use: Scroll            ||     1
Armor: Leather armour    ||    17
Dodge: Dodged            ||    44
